 Dungeon Sprint DCSS version 0.19-a0-1886-gd64a0f0 (webtiles) character file.

76 George the Skirmisher (level 4, -15/44 HPs)
             Began as a Minotaur Fighter on Oct 15, 2016.
             Was a Follower of Makhleb.
             Demolished by a hill giant
             ... wielding a +0 giant club
              (24 damage)
             ... in the Dungeon (Sprint IX: "|||||||||||||||||||||||||||||").
             The game lasted 00:00:55 (145 turns).

George the Skirmisher (Minotaur Fighter)             Turns: 145, Time: 00:00:56

Health: -15/44     AC: 11    Str: 23    XL:     4   Next: 12%
Magic:  3/3        EV:  8    Int:  8    God:    Makhleb [*.....]
Gold:   0          SH: 10    Dex: 11    Spells: 0 memorised, 3 levels left

rFire  . . .     SeeInvis .     q - +2 scimitar (slice)
rCold  . . .     Gourm    .     s - +1 scale mail
rNeg   . . .     Faith    .     c - +0 shield
rPois  .         Spirit   .     (helmet restricted)
rElec  .         Dismiss  .     r - +0 cloak
rCorr  .         Reflect  .     a - +0 pair of gloves
MR     .....     Harm     .     (no boots)
Stlth  .......... NoTele   +    (no amulet)
                                t - +3 ring of strength
                                b - +3 ring of intelligence

@: no status effects
A: retaliatory headbutt, horns 2
a: Renounce Religion


You were in the Dungeon.
You worshipped Makhleb.
Makhleb was aware of your devotion.
You were not hungry.

You visited 1 branch

Inventory:

Hand Weapons
 q - a +2 scimitar of slicing (weapon)
Armour
 a - a +0 pair of gloves (worn)
 c - a +0 shield (worn)
 r - a +0 cloak (worn)
 s - a +1 scale mail (worn)
Jewellery
 b - a +3 ring of intelligence (left hand)
 t - a +3 ring of strength (right hand)
Wands
 p - a wand of iceblast (7/15)
Scrolls
 k - 2 scrolls of blinking
 n - 3 scrolls of remove curse
 o - 2 scrolls of amnesia
Potions
 d - a potion of might
 e - 5 potions of curing
 g - 3 potions of heal wounds
 h - a potion of haste
 i - 4 potions of magic
 j - a potion of berserk rage
 m - a potion of invisibility
Comestibles
 f - a bread ration
 l - 2 chunks of flesh


   Skills:
 + Level 6.0 Fighting
 + Level 5.3 Long Blades
 + Level 6.0 Armour
 + Level 5.9 Shields
 + Level 1.0 Invocations


You had 3 spell levels left.
You didn't know any spells.

Dungeon Overview and Level Annotations

Branches:
Dungeon (1/1)

Altars:
Cheibriados
Dithmenos
Elyvilon
Fedhas
Gozag
Hepliaklqana
Kikubaaqudgha
Makhleb
Nemelex Xobeh
Okawaru
Qazlal
Ru
Sif Muna
Trog
Uskayaw
Vehumet
Xom
Yredelemnul
Zin
The Shining One
Beogh
Jiyva
Lugonu


Innate Abilities, Weirdness & Mutations

You reflexively headbutt those who attack you in melee.
You have a pair of horns on your head.


Message History

You barely miss the hill giant. You headbutt the hill giant.
The hill giant is lightly wounded.
You block the hill giant's attack.
You barely miss the hill giant. You headbutt the hill giant!
The hill giant is moderately wounded.
The hill giant hits you but does no damage.
Your scale mail prevents you from hitting the hill giant.
You headbutt the hill giant, but do no damage.
The hill giant is moderately wounded.
The hill giant hits you with a giant club.
You slash the hill giant!
The hill giant is heavily wounded.
The hill giant hits you with a giant club!!
Ouch! That really hurt!
* * * LOW HITPOINT WARNING * * *
You barely miss the hill giant. You headbutt the hill giant.
The hill giant is heavily wounded.
The hill giant hits you with a giant club!!
Ouch! That really hurt!
You die... ▓▓▓▓▓▓▓▓▓▓▓▓▓▓▓▓▓▓▓▓▓▓▓▓ +...cZC@..[..)|..'._____ ▓▓▓▓▓▓▓▓▓▓▓▓▓▓▓▓▓▓▓▓▓▓▓▓

You could see a hill giant, a centaur and a quokka zombie.

Vanquished Creatures
  A howler monkey (D)
  2 adders (D)
  A shadow imp (D)
  A leopard gecko (D)
  2 orcs (D)
  A bat (D)
  2 goblins (D)
  A hobgoblin (D)
  2 quokkas (D)
13 creatures vanquished.

Notes
Turn   | Place    | Note
-------+----------+-------------------------------------------
     0 | D        | George the Minotaur Fighter began the quest for the Orb.
     0 | D        | Reached XP level 1. HP: 19/19 MP: 0/0
    30 | D        | Noticed a howler monkey
    31 | D        | Reached XP level 2. HP: 28/28 MP: 1/1
    45 | D        | Killed a howler monkey
    45 | D        | Reached skill level 5 in Fighting
    45 | D        | Reached skill level 5 in Armour
    45 | D        | Reached skill level 5 in Shields
    45 | D        | Reached XP level 3. HP: 33/36 MP: 2/2
    51 | D        | Reached skill level 5 in Long Blades
    62 | D        | Found a roughly hewn altar of Beogh.
    62 | D        | Found a snail-covered altar of Cheibriados.
    62 | D        | Found a shadowy altar of Dithmenos.
    62 | D        | Found a white marble altar of Elyvilon.
    62 | D        | Found a blossoming altar of Fedhas.
    62 | D        | Found an opulent altar of Gozag.
    63 | D        | Found a hazy altar of Hepliaklqana.
    64 | D        | Found a viscous altar of Jiyva.
    65 | D        | Found an ancient bone altar of Kikubaaqudgha.
    66 | D        | Found a corrupted altar of Lugonu.
    67 | D        | Found a burning altar of Makhleb.
    68 | D        | Found a sparkling altar of Nemelex Xobeh.
    69 | D        | Found an iron altar of Okawaru.
    70 | D        | Found a stormy altar of Qazlal.
    71 | D        | Found a sacrificial altar of Ru.
    72 | D        | Found a deep blue altar of Sif Muna.
    73 | D        | Found a bloodstained altar of Trog.
    74 | D        | Found a hide-covered altar of Uskayaw.
    75 | D        | Became a worshipper of Makhleb the Destroyer
    76 | D        | Found a radiant altar of Vehumet.
    77 | D        | Found a shimmering altar of Xom.
    78 | D        | Found a basalt altar of Yredelemnul.
    79 | D        | Found a glowing silver altar of Zin.
    80 | D        | Found a glowing golden altar of the Shining One.
   134 | D        | Noticed a hill giant
   134 | D        | Noticed a centaur
   137 | D        | Reached skill level 1 in Invocations
   137 | D        | Reached XP level 4. HP: 44/44 MP: 3/3
   138 | D        | Reached * piety under Makhleb
   145 | D        | Demolished by a hill giant

Vault maps used:
D:        linesprint

Skill      XL: |  1  2  3  4 |
---------------+-------------+-----
Fighting       | 4 5 6 |  6.0
Armour         | 4 5 6 |  6.0
Shields        | 4 5 |  5.9
Long Blades    | 3 4 5 |  5.3
Invocations    | 1 |  1.0

Action                   |  1- 3 |  4- 6 || total
-------------------------+-------+-------++-------
Melee: Long sword        |    31 |       ||    31
       Headbutt          |     4 |     4 ||     8
       Scimitar          |     3 |     7 ||    10
Armor: Scale mail        |     7 |     2 ||     9
Dodge: Dodged            |     8 |       ||     8
Block: Shield            |    17 |     2 ||    19
       Rpst.: Long sword |     3 |       ||     3
       Scimitar          |     1 |       ||     1
